 Dungeon Crawl Stone Soup version 0.20-a0-870-g4070442 (webtiles) character file.

65 4thArraOfDagon the Sneak (level 3, -3/16 HPs)
             Began as a Felid Wanderer on Mar 13, 2017.
             Slain by a scorpion (9 damage)
             ... on level 5 of the Dungeon.
             The game lasted 00:01:57 (287 turns).

4thArraOfDagon the Sneak (Felid Wanderer)            Turns: 287, Time: 00:01:57

Health: -3/16      AC:  1    Str: 12    XL:     3   Next: 94%
Magic:  5/5        EV: 17    Int: 10    God:
Gold:   36         SH:  0    Dex: 15    Spells: 4/4 levels left
                                        Lives:  0   Deaths: 0

rFire    . . .     SeeInvis +     - Unarmed
rCold    . . .     Gourm    .   (armour unavailable)
rNeg     . . .     Faith    .   (shield unavailable)
rPois    .         Spirit   .   (helmet unavailable)
rElec    .         Reflect  .   (cloak unavailable)
rCorr    .         Harm     .   (gloves unavailable)
MR       .....                  (boots unavailable)
Stlth    +++.......             (no amulet)
Regen    0.1/turn               (no ring)
MPRegen  0.1/turn               (no ring)

@: quick
A: no armour, no weapons or thrown items, stealth, claws 1, fangs 3, see
invisible, carnivore 3, speed 1, shaggy fur 1, slow metabolism 1, sharp paws
a: no special abilities


You were on level 5 of the Dungeon.
You were very full.

You visited 1 branch of the dungeon, and saw 5 of its levels.

You collected 36 gold pieces.

Inventory:

Scrolls
 a - a scroll of amnesia {unknown}
 b - a scroll of blinking
 d - a scroll of teleportation
 e - a scroll of enchant armour {unknown}
 g - 3 scrolls of enchant weapon {unknown}
Books
 c - the Catalogue of Clay

   Spells                             Type                      Level
   a - Sandblast                      Earth                        1
   b - Stone Arrow                    Conjuration/Earth            3
Comestibles
 f - a meat ration


   Skills:
 - Level 2.0 Fighting
 + Level 2.0 Dodging
 + Level 3.7 Stealth
 * Level 2.8 Unarmed Combat
 - Level 1.0 Spellcasting
   Level 2.4 Charms
   Level 2.0 Summonings


You had 4 spell levels left.
You didn't know any spells.

Dungeon Overview and Level Annotations

Branches:
Dungeon (5/15)
 Temple: D:4-7

Altars:
Hepliaklqana
Makhleb


Innate Abilities, Weirdness & Mutations

You cannot wear armour.
You are incapable of wielding weapons or throwing items.
Your paws allow you to move quietly. (Stealth)
You have sharp claws.
You have razor-sharp teeth.
You have supernaturally acute eyesight. (SInv)
You are carnivorous and can eat meat at any time.
You cover ground quickly.
You are covered in fur. (AC +1)
You have a slow metabolism.
Your sharp claws are effective at attacking unaware monsters.


Message History

(D) Dungeon
Where to? (Enter - D:3, ? - help)
There is an open door here.
There is a stone staircase leading down here.
You climb downwards.
A scorpion, 4 orcs, an orc wizard and an ogre come into view.
An orc is wielding a dagger of speed.
Found a glowing pearl ring.
There is a stone staircase leading up here.
Unknown command.
The helpless scorpion fails to defend itself.
You claw the scorpion!
The scorpion is severely wounded.
The orc shouts!
The orc wizard shouts!
The orc shouts! x2
The orc hits you with a whip. The scorpion barely misses you.
The orc wizard casts a spell.
The orc wizard blinks!
The scorpion stings you!
Ouch! That really hurt!
You die...

#.# #.
... .. .
# #.# #.
..
#......
.# .#.#.
.# ... ..
##.#.#.##
#.@oo...#
##s#.#.##
o.. ..
.#o#O .#
#..=...
.# # #.#
#. # ...
.. #.# ##


You could see an ogre, a scorpion and 4 orcs.

Vanquished Creatures
  A hound (D:3)
  A worker ant (D:4)
  A dart slug (D:2)
  An orc (D:3)
  4 bats
  A hobgoblin (D:2)
  A ball python (D:2)
  A rat (D:1)
11 creatures vanquished.

Notes
Turn   | Place    | Note
-------+----------+-------------------------------------------
     0 | D:1      | 4thArraOfDagon the Felid Wanderer began the quest for the Orb.
     0 | D:1      | 4thArraOfDagon set off with: a potion of berserk rage, a scroll of blinking, the Catalogue of Clay, a scroll of teleportation, a meat ration
     0 | D:1      | Reached XP level 1. HP: 9/9 MP: 3/3
     0 | D:1      | Identified the Catalogue of Clay
    35 | D:2      | Reached skill level 3 in Stealth
    67 | D:2      | Found a hazy altar of Hepliaklqana.
    82 | D:2      | Reached XP level 2. HP: 11/13 MP: 4/4
   129 | D:3      | Found a burning altar of Makhleb.
   138 | D:3      | Reached skill level 1 in Dodging
   138 | D:3      | Reached XP level 3. HP: 15/16 MP: 5/5
   285 | D:5      | Entered Level 5 of the Dungeon
   285 | D:5      | Noticed a scorpion
   285 | D:5      | Noticed an ogre
   287 | D:5      | Slain by a scorpion

Vault maps used:
D:1:      onia_arrival_handbag, st_stairs_8
D:2:      lemuel_doored_altar, okawaru_ov_weapons_minmay, uniq_natasha
D:3:      makhleb_heckhound_becter, uniq_crazy_yiuf_cottage, uniq_robin
D:4:      kiku_gazebo_garden_becter, minmay_temple_entry_statues_fountains,
          first_bread, kennysheep_flooded_box, wad_floor_pattern_2, uniq_pikel
D:5:      lemuel_crystal_altar, lemuel_coloured_pillars_altar, st_stairs_12

Skill      XL: |  1  2  3 |
---------------+----------+-----
Stealth        | 3 |  3.7
Dodging        | 1 2 |  2.0
Unarmed Combat | 2 |  2.8
Fighting       | |  2.0
Spellcasting   | |  1.0
Charms         | |  2.4
Summonings     | |  2.0

Action                   || total
-------------------------++-------
Melee: Unarmed           ||    26
       Bite              ||     1
  Use: Potion            ||     2
 Stab: Sleeping          ||     3
  Eat: Chunk             ||     5
Armor: Skin              ||     3
Dodge: Dodged            ||    21
